 Dungeon Crawl Stone Soup version 0.31-a0-968-g24f9ace8b5 (webtiles) character file.

Game seed: 10354182818209932896

56 Shayle the Trooper (level 3, -5/24 HPs)
             Began as a Tengu Hexslinger on Oct 27, 2023.
             Slain by a howler monkey (7 damage)
             ... on level 2 of the Dungeon.
             The game lasted 00:02:31 (1048 turns).

Shayle the Trooper (Tengu Hexslinger)               Turns: 1048, Time: 00:02:32

Health: -5/24      AC:  2    Str:  8    XL:     3   Next: 95%
Magic:  5/5        EV: 12    Int: 15    God:
Gold:   178        SH:  0    Dex: 16    Spells: 4/4 levels left

rFire   . . .        a - +1 sling
rCold   . . .        (no shield)
rNeg    . . .        c - +0 robe
rPois   .            (helmet restricted)
rElec   .            (no cloak)
rCorr   .            (no gloves)
SInv    .            (boots unavailable)
Will    .....        (no amulet)
Stlth   +            (no ring)
HPRegen 0.24/turn    (no ring)
MPRegen 0.09/turn

%: acrobat
@: invisible
A: beak, talons 3, acrobatic
a: no special abilities


You were on level 2 of the Dungeon.
You visited 1 branch of the dungeon, and saw 2 of its levels.

You collected 178 gold pieces.

Inventory:

Hand Weapons
 a - a +1 sling (weapon)
Armour
 c - a +0 robe (worn)
Scrolls
 b - a scroll of poison
 d - a scroll of fog {unknown}
 e - a scroll of enchant armour {unknown}
 f - a scroll of identify {unknown}
 h - a scroll of revelation {unknown}


   Skills:
 + Level 3.6 Fighting
 - Level 2.1 Ranged Weapons
 - Level 2.1 Dodging
 - Level 1.0 Spellcasting
 - Level 2.1 Hexes
 - Level 1.1 Fire Magic
 + Level 0.0 Invocations


You had 4 spell levels left.
You didn't know any spells.
Your spell library contained the following spells:

 Spells                   Type           Power      Damage    Failure   Level
 Jinxbite                 Hex            14%        N/A       16%         2
 Sigil of Binding         Hex            7%         N/A       30%         3
 Inner Flame              Hex/Fire       5%         N/A       36%         3
 Cause Fear               Hex            3%         N/A       69%         4
 Dimensional Bullseye     Hex/Tloc       2%         N/A       83%         4


Dungeon Overview and Level Annotations

Branches:
Dungeon (2/15)

Altars:


Innate Abilities, Weirdness & Mutations

You have a beak for a mouth.
You have claws for feet.
You can magically evade attacks while moving or waiting.


Message History

The howler monkey hoots and howls with incredible vigour!
The howler monkey hoots and howls with incredible vigour!
You are too injured to fight recklessly!
You are too injured to fight recklessly!
You are too injured to fight recklessly!
You shoot a sling bullet.
The sling bullet hits the howler monkey.
The howler monkey is moderately wounded.
The howler monkey hoots and howls with incredible vigour!
The howler monkey hits you!
* * * LOW HITPOINT WARNING * * *
You shoot a sling bullet.
The sling bullet barely misses the howler monkey.
The sling bullet barely misses the kobold.
An adder comes into view.
The howler monkey closely misses you. The howler monkey barely misses you.
You shoot a sling bullet.
The sling bullet hits the howler monkey.
The howler monkey is heavily wounded.
The howler monkey hits you.
* * * LOW HITPOINT WARNING * * *
You shoot a sling bullet.
The sling bullet barely misses the howler monkey.
The sling bullet hits the kobold.
You kill the kobold!
The howler monkey closely misses you. The howler monkey hits you.
* * * LOW HITPOINT WARNING * * *
It was a potion of invisibility.
You fade into invisibility!
The howler monkey completely misses you.
You shoot a sling bullet.
The sling bullet hits the howler monkey.
The howler monkey is severely wounded.
The howler monkey closely misses you.
You shoot a sling bullet.
The sling bullet closely misses the howler monkey.
The sling bullet hits the adder.
The adder is severely wounded.
The howler monkey hits you!
You die...

#.##.# #.. #.##.#
##.# #.##.# #.# #.#
##.## # #.#
####...####.# #.#
...........#.## #.#
#.#...........[
#.#####.##.#.......##
#...@hS.......#
#######)##.#..#
#.##.#..# #.......#
#########


You could see a howler monkey (unable to see you) and an adder (unable to see
you).

Vanquished Creatures
  An adder (D:2)
  A worm (D:2)
  3 dart slugs (D:1)
  5 ball pythons
  3 endoplasms
  2 giant cockroaches (D:1)
  A hobgoblin (D:1)
  2 jackals (D:1)
  A quokka (D:2)
  7 bats
  3 frilled lizards
  2 goblins (D:1)
  5 kobolds
  4 rats (D:1)
40 creatures vanquished.

Notes
Turn   | Place    | Note
-------+----------+-------------------------------------------
     0 | D:1      | Shayle the Tengu Hexslinger began the quest for the Orb.
     0 | D:1      | Reached XP level 1. HP: 12/12 MP: 3/3
    62 | D:1      | Reached skill level 2 in Fighting
    62 | D:1      | Reached XP level 2. HP: 13/17 MP: 4/4
    85 | D:1      | Found a faded altar of an unknown god.
   337 | D:1      | Reached XP level 3. HP: 20/22 MP: 5/5
   410 | D:1      | Reached skill level 3 in Fighting
   819 | D:2      | HP: 1/23 [adder (4)]
  1045 | D:2      | HP: 1/24 [howler monkey (1)]
  1048 | D:2      | Slain by a howler monkey

Illustrated notes

Levels and vault maps discovered:
D:1:      doesnt_arrival_eight_statues, layout_basic,
          hellmonk_ecumenical_altar_defaced_shrine, minmay_gold_behind_fungi,
          minivault_19, chequers_serial_rivers_micro_e
D:2:      layout_loops_ring, minmay_split_cup_large, uniq_crazy_yiuf_cottage

Skill      XL: |  1  2  3 |
---------------+----------+-----
Fighting       | 2 3 |  3.6
Ranged Weapons | |  2.1
Dodging        | |  2.1
Spellcasting   | |  1.0
Hexes          | |  2.1
Fire Magic     | |  1.1

Action                     || total
---------------------------++-------
   Fire: Sling             ||   149
    Use: Potion            ||     2
 Armour: Robe              ||    50
  Dodge: Dodged            ||    70

Table legend: (Time is in decaauts)
 A = Elapsed time spent in this place.
 B = Non-inter-level travel time spent in this place.
 C = Inter-level travel time spent in this place.
 D = Time resting spent in this place.
 E = Time spent auto-exploring this place.
 F = Levels seen in this place.
 G = Mean time per level.
                   A        B        C        D        E       F      G
               +--------+--------+--------+--------+--------+-----+--------+
         Total |   1092 |   1075 |     17 |     75 |    654 |   2 |  546.0 |
       Dungeon |   1092 |   1075 |     17 |     75 |    654 |   2 |  546.0 |
               +--------+--------+--------+--------+--------+-----+--------+

Top non-repeatable levels by time:
     D:1: 812 daAuts
     D:2: 280 daAuts
